[Event "Sinquefield Cup 4th"]
[Site "Saint Louis"]
[Date "2016.08.14"]
[Round "9"]
[White "Vachier Lagrave, Maxime"]
[Black "So, Wesley"]
[Result "1/2-1/2"]
[ECO "C67"]
[WhiteElo "2819"]
[BlackElo "2771"]
[Annotator "CB"]
[PlyCount "94"]
[EventDate "2016.08.05"]
[EventType "tourn"]
[EventRounds "9"]
[EventCountry "USA"]
[EventCategory "22"]
[SourceTitle "CBM 174"]
[Source "ChessBase"]
[SourceDate "2016.09.13"]
[SourceVersion "1"]
[SourceVersionDate "2016.09.13"]
[SourceQuality "1"]
[TimeControl "60"]

1. e4 {(2s)} e5 {(1s)} 2. Nf3 {(5s)} Nc6 {(2s)} 3. Bb5 {(2s)} Nf6 {(4s)} 4. O-O
{Sich in einer Must-Win-Situation auf das Berliner Endspiel einzulassen wurde
von Kasparov kritisiert - wer könnte es besser wissen als der russische
Ex-Weltmeister, der im Jahre 2000 den Titel an Kramnik abgeben musste und dies
unter anderem aufgrund der Tatsache weil er sich in seinen Weißpartien die
Zähne an der Berliner Mauer ausbiß (4s)} Nxe4 {(2s)} 5. d4 {(4s)} Nd6 {(2s)} 6.
Bxc6 {(4s)} dxc6 {(2s)} 7. dxe5 {(5s)} Nf5 {(2s)} 8. Qxd8+ {(5s)} Kxd8 {(2s)}
9. h3 {(5s)} Ke8 {(3s)} 10. Nc3 {(3s)} h5 {(2s)} 11. Bg5 {(6s)} (11. Bf4 Be7
12. Rad1 Be6 13. Ng5 Rh6 14. Rfe1 {probierte MVL in der 7. Runde gegen Nakamura
}) 11... Be6 {(8s)} 12. Rad1 {(3s)} (12. a3 {war MVLs Wahl in einer Partie
gegen Nielsen 2011.} Bd5 13. Nh4 Be6 14. Rad1 Be7 15. Nf3 Rd8 16. Rxd8+ Kxd8
17. Rd1+ Kc8 18. Bxe7 Nxe7 19. Ng5 Ng6 20. Nxe6 fxe6 21. b3 Rf8 22. Rd3 h4 23.
Rd4 Rd8 24. Rg4 Nxe5 25. Rxh4 Rd2 26. Rh8+ Kd7 27. Rh7 Rxc2 28. Rxg7+ Ke8 29.
Ne4 Nf7 30. h4 c5 31. Ng5 Nxg5 32. Rxg5 c4 33. bxc4 Rxc4 34. h5 c5 35. g3 {
1-0 (35) Vachier Lagrave,M (2710)-Nielsen,P (2693) Beijing 2011}) 12... Be7 {
(1439 s)} 13. b3 {(7s)} a5 {(195s)} (13... h4 {wurde bisher zweimal von
Kramnik gespielt, doch So weicht verzichtet auf den Raumgewinn am Königsflügel.
Der Bauer auf h4 sichert die Postion des Sf5 endgültig, doch kettet diesen
allerdings auch an die Verteidigung des Bauern.} 14. Ne4 (14. Rfe1 Rd8 15.
Rxd8+ Kxd8 16. Ne4 b6 17. Bf4 Kc8 18. Neg5 Bxg5 19. Bxg5 Bd5 20. Nh2 c5 21. Rd1
Bc6 22. c3 a5 23. Ng4 Bd7 24. f3 a4 25. Kf2 {1/2-1/2 (25) Aronian,L (2820)
-Kramnik,V (2801) Zuerich 2012}) 14... a5 (14... b6 15. c4 a5 16. Rd2 Rd8 17.
Rfd1 Rxd2 18. Bxd2 c5 19. Bf4 a4 20. Nc3 axb3 21. axb3 Bd8 22. Kf1 Rg8 23. Ne4
Bc8 24. Ra1 Bb7 25. Neg5 f6 26. exf6 gxf6 27. Ne4 Kd7 28. Rd1+ Kc8 29. Re1 Rg7
30. Nfd2 Nd4 31. f3 Bc6 32. Nf2 Bd7 33. Ng4 Bf5 34. Kf2 Kd7 35. Ne3 Bh7 36. Nd5
Bc2 37. Ne3 Bd3 38. Nd5 Nxb3 39. Nxb3 Bxc4 40. Nxc5+ bxc5 41. Rd1 Kc8 42. Nc3
Rd7 43. Rc1 Bd3 44. Na4 c4 45. Nb2 Rd5 46. Nxc4 Rc5 47. Nb2 Rxc1 48. Bxc1 Bb5
49. g3 hxg3+ 50. Kxg3 Kd7 51. Nd1 Ke6 52. Nc3 Be8 53. Be3 Be7 54. h4 c5 55. Kf2
c4 56. Ke2 Bg6 57. Bd4 f5 58. f4 Bxh4 59. Ke3 Bf7 60. Bg7 Kd6 61. Bf8+ Kc6 62.
Ne2 Be1 63. Nd4+ Kd5 64. Nxf5 c3 65. Kd3 Bg6 66. Ke2 Bxf5 67. Kxe1 {1/2-1/2 
(67) Aronian,L (2815)-Kramnik,V (2795) London 2012}) 15. a4 b6 16. Bf4 c5 17.
Neg5 Bxg5 18. Nxg5 Nd4 {1/2-1/2 (38) Caruana,F (2781)-Karjakin,S (2780) Wijk
aan Zee 2013 und Weiß muss sich schön langsam um Ausgleich bemühen}) 14. Rd3 {
(13s)} Rd8 {(289s)} 15. Rxd8+ {(36s)} Bxd8 {(9s)} (15... Kxd8 {um den König
auf den Damenflügel zu bringen ist hier vermutlich weniger gut. Prinzipiell
verträgt sich der König auf c8 schlecht mit dem Vorstoß h5, da der f7 einer
Deckung bedarf.} 16. Rd1+ Kc8 17. Bxe7 Nxe7 18. Ng5 Rd8 19. Rxd8+ Kxd8 20.
Nxe6+ fxe6 21. f4 $14) 16. Rd1 {(8 s)} Bxg5 {(37s)} 17. Nxg5 {(7s)} Ke7 {(60s)}
18. Ne2 {Weiß bewegt den Sc3 in Richtung f4, von wo aus der Druck auf den Le6
ausübt und nach möglichem Sxe6 den Bauern zum zurückschlagen zwingt. (699s)}
Nh4 $1 {(274s)} (18... Bc8 19. Nf4 {und dieser Konstellation kann Schwarz
keine Fortschritte machen, während Weiß langsam die Stellung verbessern kann.}
g6 (19... f6 20. Ng6+ $18) 20. g3 $14 ) 19. g3 {(920s)} (
19. Nf4 $2 Bf5 20. c4 f6 $1 $17) 19... Ng6 20. Nxe6 {(4s)} (20. f4 Bc8 $132)
20... fxe6 $1 {(488s)} (20... Kxe6 21. f4 {und Schwarz kann die dominante
Königsstellung nicht aufrecht erhalten, Weiß droht Sd4-Sf5} c5 22. Kf2 $14) 21.
f4 {(6s)} Rf8 (21... h4 22. g4 Rf8 23. Rd4 c5 24. Re4) 22. Rd4 {
(766s)} (22. h4 {würde alle dynamischen Ansätze zunicht machen} Rd8 $5 23. Rxd8
Kxd8 $11) 22... c5 {(96s)} 23. Re4 {(16s)} Rd8 $1 {(6s)} (23... b6 24. Kf2 ) 24. Kf2 {(5s)} Rd1 {nun kommt So zu Gegenspiel. Dies ist
auch notwendig, da bei passiver Verteidigung die weißen Bauern am Königsflügel
wohl dennoch gefährlich geworden wären. (344s)} 25. g4 {(451s)} hxg4 {(544s)}
26. hxg4 {Diagramm [#] (24s)} b5 {So möchte seine eigene Bauernmehrheit in
Bewegung setzen, da weißes f5 ohnehin schwer zu verhindern ist. (5s)} (26...
Kf7 {hätte ebenso das Gleichgewicht gehalten} 27. f5 Ne7 (27... exf5 $5 28.
gxf5 Ne7 29. Ng3 Rd2+ 30. Re2 Rxe2+ 31. Kxe2 g6 $11) 28. fxe6+ Kxe6 29. Nf4+
Kd7 30. e6+ Kd6 31. Re2 $13) 27. f5 {(483s)} (27. a4 $5 {so könnte Weiß die
Kontrolle besser behalten und das Spiel in weniger forcierte Bahnen lenken.}
Rd2 (27... c6 28. Ke3 Ra1 29. Nc3 $14) 28. Ke3 Rxc2 29. Kd3 Rb2 30. Kc3 Ra2 31.
axb5 $13) 27... Nh4 {(285s)} 28. Ng3 {(32s)} Ra1 {(1029s)} 29. a4 {(434s)} Ra2
{(14s)} 30. axb5 {(7s)} Rxc2+ {(4s)} 31. Re2 {(6s)} Rxe2+ {(400s)} 32. Kxe2 {
[%cal Ge2d3,Gd3c4,Gc4c5] Diagramm [#] dieses Endspiel sollte bei genauem Spiel
Remis sein - Wesley So zeigt in dieser wichtigen Partie keine Nerven und zeigt
Übersicht und saubere Rechenleistung.} c4 $1 {So erkennt, dass seine einzige
Chance auf eine Freibauernbildung sofort genutzt werden muss. Mittels des
gefährlichen a-Bauern lenkt er den weißen König an den Brettrand. (3s)} 33.
bxc4 {(7s)} a4 {(2s)} 34. Kd3 {(234s)} Nf3 {(62s)} 35. f6+ {(184s)} Kf7 $1 {
(57s)} (35... gxf6 {wäre ebenso Remis gewesen, doch der Partiezug macht die
schwarze Aufgabe wesentlich leichter} 36. exf6+ Kxf6 37. Ne4+ Ke5 38. Nc3 a3
39. c5 Kf4 $1 40. Kc4 Ne5+ 41. Kb3 Kxg4 42. Kxa3 Kf4 (42... Kf5 $2 43. Kb4 Kf6
(43... Nd3+ $142 44. Kc4 Ne5+ 45. Kd4 Nf3+ 46. Ke3 Ne5 47. Na4 $14) 44. Ka5 Ke7
45. Ka6 Kd7 46. Kb7 $18) 43. Kb4 Nd3+ $1 44. Kc4 Ne5+ 45. Kd4 Nf3+ $1 $11) 36.
fxg7 {(27s)} Nxe5+ {(23s)} 37. Kc3 {(4s)} a3 {(4s)} 38. c5 {Diagramm [#] (16s)}
Nd3 $1 {der letzte genaue Zug und alle Klippen sind umschifft (339s)} 39. Kb3 {
(3s)} Nxc5+ {(3s)} 40. Kxa3 {(0s)} Kxg7 {(0s)} 41. Kb4 {(0s)} Nd3+ {(404s)} 42.
Kc4 {(52s)} Ne5+ {(387s)} 43. Kc5 {(6s)} Kh6 {(36s)} 44. Ne2 {(88s)} c6 $1 {
(124s)} 45. bxc6 {(6s)} (45. b6 Nd7+ 46. Kxc6 Nxb6 47. Kxb6 Kg5) 45... Nxc6 {
(3s)} 46. Kxc6 {(2s)} Kg5 {(5s)} 47. Kd6 {(1s)} Kxg4 {(4s)} 1/2-1/2

[Event "Paris FIDE GP"]
[Site "Elancourt"]
[Date "2013.10.04"]
[Round "11"]
[White "Giri, Anish"]
[Black "Nakamura, Hikaru"]
[Result "1/2-1/2"]
[ECO "C67"]
[WhiteElo "2737"]
[BlackElo "2772"]
[Annotator "ChessBase Website"]
[PlyCount "78"]
[EventDate "2013.09.22"]
[EventType "tourn"]
[EventRounds "11"]
[EventCountry "FRA"]
[EventCategory "20"]
[SourceTitle "CBM 157"]
[Source "ChessBase"]
[SourceDate "2013.11.12"]
[SourceVersion "1"]
[SourceVersionDate "2013.11.12"]
[SourceQuality "1"]
[TimeControl "40/7200:20/3600:900+30"]
[WhiteClock "2:00:00"]
[BlackClock "2:00:00"]

1. e4 e5 2. Nf3 Nc6 3. Bb5 Nf6 4. O-O Nxe4 5. d4 Nd6 6. Bxc6 dxc6 7. dxe5 Nf5 8.
Qxd8+ Kxd8 9. h3 Bd7 10. Rd1 Kc8 11. g4 Ne7 12. Ng5 Be8 13.
f4 h5 (13... b6 $5 {has been played by
Harikrishna.}) 14. Kf2 $146 b6 15. f5 Kb7 16. c4 c5 17. Bf4 Nc6 18. Nc3 g6 19. e6 fxe6 20. Nxe6 hxg4 $1
{[%emt 0:08:32] A very nice defensive move.'} (20... Rc8 {Romain Edouard} 21.
g5 gxf5 22. Nb5 Bf7 23. Nbxc7 Nd4 24. Nxf8 Rhxf8 25. Nb5 $16) 21. Nxc7 Bh6 $1 22. Bxh6 (22. Bg3 $6
gxf5 $1 {is dubious for White will after}) (22. Bh2 $6 Be3+ $1 23. Kxe3 Rxh3+ {
Black is also alright, especially since} 24. Ke4 {is met by} gxf5+ 25. Kxf5
Nd4+ $1 $15) 22... Kxc7 23. Bf4+ Kb7 24. hxg4 gxf5 25. g5 Rh4 $1 {[%emt 0:08:37] White seemed to be better, but actually
this move just draws by force.'} 26. Ne2 Bh5 27. Rh1 Rxh1 28. Rxh1 Bxe2 29. Kxe2 Nd4+ 30. Kd3 (30. Kf2 Ne6 31. Kf3 Rg8 {is a draw: White cannot breakthrough.
}) (30. Ke3 {seemed to me like the only chance, but is also a draw:} Re8+ 31.
Kf2 Re2+ (31... Ne6 $2 32. Re1 $16) 32. Kf1 (32. Kg3 Re4 $11) 32... Re4 (32...
Rxb2 $2 33. Rh7+ $16) 33. Rh4 (33. Rh7+ Ka6 34. Bb8 Nc6 35. Bd6 Rg4 $11) 33...
Nf3 34. Rh7+ Kc8 $1 (34... Ka6 $2 35. Bb8 $16) 35. g6 (35. Bc1 Rg4 $11) 35...
Rxf4 36. g7 Ne5+ $1 37. Kg2 Rg4+ 38. Kh3 Nxc4 $11) 30... Ne6 31. Rf1 Rd8+ 32. Kc3 Rg8 33. Be3 f4 34. Bxf4 Nxf4 35. Rxf4 Rxg5 36. Rf7+ Kb8 37. Rf8+ Kb7 38. Rf7+ Kb8 39. Rf8+ Kb7 1/2-1/2

[Event "Paris FIDE GP"]
[Site "Elancourt"]
[Date "2013.10.02"]
[Round "9"]
[White "Dominguez Perez, Leinier"]
[Black "Fressinet, Laurent"]
[Result "1/2-1/2"]
[ECO "C67"]
[WhiteElo "2757"]
[BlackElo "2708"]
[Annotator "ChessBase Website"]
[PlyCount "69"]
[EventDate "2013.09.22"]
[EventType "tourn"]
[EventRounds "11"]
[EventCountry "FRA"]
[EventCategory "20"]
[SourceTitle "CBM 157"]
[Source "ChessBase"]
[SourceDate "2013.11.12"]
[SourceVersion "1"]
[SourceVersionDate "2013.11.12"]
[SourceQuality "1"]
[TimeControl "40/7200:20/3600:900+30"]
[WhiteClock "2:00:00"]
[BlackClock "2:00:00"]

1. e4 e5 2. Nf3 Nc6 3. Bb5 Nf6 4. O-O Nxe4 5. d4 Nd6 6.
Bxc6 dxc6 7. dxe5 Nf5 8. Qxd8+ Kxd8 9. h3 Bd7 10. Rd1 Ke8 11.
Nc3 h6 12. Bf4 Rd8 13. g4 Ne7 14. Nd4 $146 (14. Kh2 Be6 15. Nd4 Nd5 16. Nxe6 fxe6 17. Nxd5 cxd5 {1/2-1/2 (17) Joecks,
C (2310)-Fischer Bad Orb 1989}) 14... Ng6 15. Bg3 h5 16. f3 Bc5 17. Ne4 Bxd4+ 18. Rxd4 hxg4 19. hxg4 Ke7 20. Kf2 b6 21. Ra4 Ra8 22. e6 fxe6 23. Ng5 {[%emt 0:16:20] The Frenchman
chose the ultra-solid Berlin defense. Dominguez tried the most typical
approach: go for the endgame and try to outplay Black in that position. His
only chance to obtain something in the position was to take on c7 on move 23,
but even then it seems that Black's position was solid enough and it would
have been hard to break through. Instead of that the inaccurate 23.Ng5
basically forced a draw as Black had no choice but to push e5 and then was
forced to defend it, creating a repetition.} e5 24. Re1 Kf6 25. Ne4+ Kf7 26. Ng5+ Kf6 27. Ne4+ Kf7 28. Ra3 c5 29. Ng5+ Kf6 30. Ne4+ Kf7 31. Rae3 Rae8 32. Ng5+ Kf6 33. Ne4+ Kf7 34. Ng5+ Kf6 35. Ne4+ 1/2-1/2

[Event "WchT 7th"]
[Site "Bursa"]
[Date "2010.01.06"]
[Round "2.1"]
[White "Kotronias, Vasilios"]
[Black "Jakovenko, Dmitrij"]
[Result "0-1"]
[ECO "C67"]
[WhiteElo "2599"]
[BlackElo "2730"]
[Annotator "Kritz,L"]
[PlyCount "86"]
[EventDate "2010.01.05"]
[EventType "team-tourn"]
[EventRounds "9"]
[EventCountry "TUR"]
[SourceTitle "CBM 134"]
[Source "ChessBase"]
[SourceDate "2010.01.18"]
[SourceVersion "1"]
[SourceVersionDate "2010.01.18"]
[SourceQuality "1"]
[WhiteTeam "Greece"]
[BlackTeam "Russia"]
[WhiteTeamCountry "GRE"]
[BlackTeamCountry "RUS"]
[TimeControl "40/5400+30:1800+30"]

1. e4 e5 2. Nf3 Nc6 3. Bb5 Nf6 4. O-O Nxe4 5. d4 Nd6 6. Bxc6 dxc6 7. dxe5 Nf5
8. Qxd8+ Kxd8 9. Nc3 Ke8 ({Eine andere prinzipielle Fortsetzung ist} 9... Bd7
10. h3 (10. b3 Kc8 11. Bb2 Be7 12. Rad1 a5 $132) 10... h6 11. b3 Kc8 12. Bb2 b6
13. Rad1 Ne7 14. Rd2 c5 15. Rfd1 Be6 $132) 10. h3 h5 (10... Be7 {ist die
solideste Fortsetzung.} 11. g4 (11. Bg5 Bxg5 12. Nxg5 h6 $1 {Es is wichtig,
den gegnerischen Springer gleich zu vertreiben.} 13. Nf3 (13. Nge4 b6 14. Rfd1
Ke7 15. Kh2 h5 16. Ne2 Re8 17. Nf4 Kf8 18. Nxh5 Rxe5 19. Nhg3 Be6 20. Rd2 {
1/2-1/2 Anand - Kramnik (Leon, 2002). Ich denke, Schwarz steht sogar etwas
besser hier. Der weiße h-Bauer ist sehr weit von dem kritischen Feld h8
entfernt, während die schwarzen Türme mit dem Läufer am Damenflügel für einige
Unannehmlichkeiten sorgen könnten.}) 13... h5 14. Rad1 (14. Ne2 Ke7 15. Nf4 g6
$1 16. Rad1 Ng7 17. Rfe1 Rd8 18. Rxd8 Kxd8 19. Ng5 Ke7 20. Rd1 a5 21. a4 Bf5
$132 {Timman - Kritz (Amsterdam, 2002)}) 14... Ke7 15. Ng5 Be6 16. Nxe6 fxe6
17. Rd3 Rad8 18. Rfd1 Rxd3 19. Rxd3 h4 $11 {Shirov - Alekseev (Moscow, 2008).
Wie üblich in dieser Stellung: der schwarze Bauer h4 neutralisiert die weiße
Überlegenheit am Königsflügel und die Stellung ist ausgeglichen.}) 11... Nh4
12. Nxh4 Bxh4 13. Kg2 h5 14. f3 Be6 ({Eine andere Verteidigungsmethode ist} 
14... a5 {um die weißen Bauern zu zwingen, weiße Felder einzunehmen.} 15. a4 b6
16. Rd1 Be7 17. Ne2 Bd7 18. Bf4 c5 19. Bg3 Rd8 20. c4 Bc8 21. b3 Rxd1 22. Rxd1
hxg4 23. hxg4 Bd8 $14 {Kotronias - Kritz (Port Erin, 2007). Weiß hat einen
symbolischen Vorteil und Schwarz muss die ganze Partie leiden, doch bei
korrekter Verteidigung kann man Remis halten. Es ist jedoch zu empfehlen, wie
Wang Yue gegen Adams zu spielen - dort ist es einfacher, das Remis zu
erreichen.}) 15. Be3 Be7 $11 {Wie die letzten Analysen zeigen, ist die
Stellung ausgeglichen.}) (10... Ne7 {Zuletzt hat dieser Zug wieder an
Popularität gewonnen, aber ich verstehe nicht, warum. Das ist eine
verschlechterte Version der 10....Be7-Variante - Schwarz steht ebenfalls
passiv, gibt dabei Weiß Chancen zu spielen. Dagegen bringt 10....Be7 die
Partie bei normalem Spielverlauf zum unausweichlichen Remisresultat.} 11. Ne4
Ng6 12. Re1 h6 13. Bd2 $14 {Weiß hat sich entwickelt, Schwarz steht immer noch
auf der Grundreihe.}) 11. Rd1 $2 {Dieser Turm hat nichts zu suchen auf der
d-Linie. Schwarz bekommt so viel Zeit wie er will, um seine Pläne zu
realisieren.} (11. Bg5 {Der logische Versuch, die Schwächung des Feldes g5
auszunutzen.} Be6 (11... Be7 {ist ebenfalls gut spielbar} 12. Ne2 Be6 13. Nf4
Bd5 14. Bxe7 Kxe7 15. Ng5 Nd4 16. Rfd1 Ne6 $1 (16... Nxc2 17. Nxd5+ cxd5 18.
Rac1 $1 $18) 17. Ngxe6 Bxe6 18. h4 Rad8 19. f3 g6 20. Kf2 Bf5 21. c3 f6 22.
exf6+ Kxf6 $11 {1/2-1/2 Hracek,Z (2629)-Kholmov,R (2464)/Pardubice CZE 1999 
(37)}) 12. Rad1 Be7 13. Rd2 Rd8 $1 {Korrekte Entscheidung! Schwarz muss so
schnell wie möglich den Druck der weißen Türme auf der d-Linie neutralisieren.}
(13... Bxg5 14. Nxg5 Rd8 (14... h4 15. Rfd1 $14) 15. Rxd8+ Kxd8 16. Nxe6+ fxe6
17. g3 $1 $14 {Weiß hat h4 verhindert und damit die Beweglichkeit seiner
Bauernstruktur beibehalten. Das garantiert ihm einen kleinen Vorteil.}) 14.
Rfd1 Rxd2 15. Rxd2 h4 $1 $11 {Leko - Alekseev (Elista, 2008). Damit ist der
Königsflügel zugemacht und der weiße Mehrbauer praktisch neutralisiert.}) ({
Wenig bringt} 11. Ne2 Be6 12. Nf4 Bd5 $1 {Schwarz bekommt eine problemlose
Stellung.} 13. Nxd5 (13. Ng5 Be7 $15) 13... cxd5 14. Bf4 c6 15. g3 Be7 16. Rfe1
Rg8 17. g4 hxg4 18. hxg4 Nh6 19. Nh2 g5 20. Be3 Kd7 21. Rad1 Ke6 $132 {Bruzon
- Miles (Varadero, 2000)}) 11... Be7 {Ein sicherer Zug.} ({Auch} 11... h4 {
sieht nicht schlecht aus.} 12. Bg5 Be7 13. Rd2 Be6 14. Rad1 Rh5 15. Bxe7 Nxe7
$132) 12. Ne2 {Die Überführung des Springers über e2 bringt wie immer nichts.
Man hätte besser zurück zu klassischen Stellungen kommen sollen.} (12. g3 Be6
13. Ng5 Rd8 14. Rxd8+ Bxd8 15. Nxe6 fxe6 16. Ne2 g5 17. Bd2 c5 18. Bc3 c4 $11 {
Inarkiev - Smirnov (Dagomys, 2009)}) (12. Bg5 Be6 13. Rd2 Rd8 $11) 12... Nh4
13. Nxh4 Bxh4 {Die Stellung mit dem Läuferpaar kann Schwarz theoretisch nicht
verlieren, besonders wenn der Bauer schon auf h5 steht und g4 verhindert ist.}
14. Bf4 Be7 (14... Be6 {ist ebenfalls nicht schlimm, aber wozu auf zwei
Ergebnisse spiele, wenn man kostenlos Gegenchancen haben kann?} 15. Nd4 $14 {
Nach dem Nehmen auf e6 wird Weiß einen symbolischen Vorteil haben, das
Endspiel ist jedoch sehr remislich.}) 15. Rd3 $6 {Eine misslungene Provokation.
} (15. Nd4 a6 {Typische Reaktion, wenn man c5 vorbereiten will.} (15... c5 16.
Nb5 Bd8 17. e6 Bxe6 18. Bxc7 $14) 16. e6 (16. c4 c5 17. Nf3 Bf5 $15) 16... Bd6
$1 (16... Bxe6 17. Nxe6 fxe6 18. Bxc7 Rc8 19. Be5 Bf6 20. Bxf6 gxf6 21. Rd6 Ke7
22. Rad1 Rc7 $11) 17. exf7+ Kxf7 $132) 15... Bf5 16. Rb3 $2 {Man sollte sich
besser zurückziehen. Es ist offensichtlich, dass solche Ideen zu nichts Gutem
führen können.} (16. Rd2 Rd8 17. Nd4 Bh7 18. Rad1 $11) 16... Bc5 $1 {Widerlegt
die weißen Pläne.} (16... b6 $2 17. Nd4 Bd7 18. a4 a5 19. e6 fxe6 20. Bxc7 $16)
17. a4 (17. Rxb7 Bb6 {/\Bc8} 18. e6 Kd8 $3 {Das ist vermutlich der Zug, den
Weiß übersehen hatte.} (18... Bxe6 19. Bxc7 Bc8 20. Rb8 Rxb8 21. Bxb8 $16) 19.
exf7 Rf8 $17 {gefolgt von Kc8 oder zuerst Rxf7 und dann Kc8.}) 17... b6 $15 {
Nun ist das Feld d4 unter Kontrolle, Schwarz steht schon mit großem Vorteil da.
} 18. Rg3 Rg8 (18... h4 {führt auch zu gutem Spiel für Schwarz.} 19. Rxg7 Kf8
20. Rg5 Bxc2 $15) 19. Be3 Be7 {Besser wäre wohl das Nehmen und Erobern der
d-Linie.} (19... Bxe3 $5 20. Rxe3 Rd8 21. c3 c5 $15) 20. a5 {Weiß zieht die
ganze Zeit daneben. Er musste sich konsolidieren:} (20. Nd4 Bd7 21. Bf4 (21.
Bg5 $4 h4 $19) 21... g5 22. h4 $1 g4 23. Rc3 c5 24. Nb5 Bxb5 25. axb5 Bxh4 26.
Rca3 $14) 20... Rc8 21. axb6 axb6 {Die Aufgabe der a-Linie ist nicht schlimm -
Weiß kann damit nichts anfangen.} 22. Bg5 $2 {Strategische Aufgabe. Wieder war
Nd4 besser.} (22. Nd4 Be4 23. Bg5 c5 24. Nb5 $11 {Der Bauer c2 ist wegen der
Drohung Nxc7-Ra8+ unantastbar.}) 22... Bxc2 23. Bxe7 Kxe7 24. Rc3 Be4 25. Ng3
Bd5 26. Nxh5 $17 {Diese Stellung entstand forciert als Folge des 22. Zuges von
Weiß. Schwarz hat den besseren König im Endspiel, und der Läufer ist in
solchen Stellungen natürlich viel stärker als der Springer.} c5 {Man muss sein
Spiel spielen - in diesem Fall muss Schwarz seine Bauern am Damenflügel nach
vorne bringen.} 27. g4 {Weiß beschäftigt sich mit demselben.} Ra8 28. Rxa8 Bxa8
29. b4 $2 {Weiss hilft Schwarz, einen Freibauern zu organisieren. Stattdessen
hätte er besser seinen König ins Zentrum gebracht oder f4 gespielt.} (29. f4 g6
30. Nf6 Rd8 31. b4 $1 {Jetzt ist es eine andere Sache - Weiß hat seine Figuren
aktiviert.} Ke6 (31... cxb4 32. Rxc7+ Ke6 33. Kf2 $13) 32. bxc5 b5 33. Kf2 $13)
29... Ke6 30. bxc5 b5 31. c6 (31. f4 Kd5 $19 {Im Vergleich zu 29.f4 steht der
weiße Springer immer noch am Rand, der weiße König auch, dafür dominiert sein
schwarzer Kollege das Zentrum.}) 31... Kd5 32. Rf3 b4 33. Rxf7 b3 $19 {Weiß
hat keine Chance, den schwarzen Bauer aufzuhalten.} 34. Nf4+ Kc4 35. Rd7 b2 36.
Rd1 Rb8 37. Rb1 Bxc6 38. Ne6 Be4 39. Rxb2 Rxb2 40. Nxg7 c5 41. f4 Kd3 42. e6 c4
43. e7 Bc6 0-1

[Event "EU-ch 12th"]
[Site "Aix les Bains"]
[Date "2011.03.25"]
[Round "4"]
[White "Sutovsky, Emil"]
[Black "Grigoryan, Avetik"]
[Result "1-0"]
[ECO "C67"]
[WhiteElo "2692"]
[BlackElo "2608"]
[Annotator "Marchand,A/Primel,D"]
[PlyCount "95"]
[EventDate "2011.03.22"]
[EventType "swiss"]
[EventRounds "11"]
[EventCountry "FRA"]
[SourceTitle "CBM 142 Extra"]
[Source "ChessBase"]
[SourceDate "2011.06.27"]
[SourceVersion "1"]
[SourceVersionDate "2011.06.27"]
[SourceQuality "1"]
[TimeControl "40/5400+30:1800+30"]

1. e4 e5 2. Nf3 Nc6 3. Bb5 Nf6 4. O-O Nxe4 5. d4 Nd6 6. Bxc6 dxc6 7. dxe5 Nf5
8. Qxd8+ Kxd8 9. h3 (9. Nc3) 9... Ke8 10. Nc3 h5 11. Bg5 (11. Bf4) 11... Be7
12. Rad1 Be6 13. b3 Rd8 14. Rxd8+ Kxd8 15. Rd1+ Ke8 16. Bc1 Nh4 $146 ({RR} 
16... f6 17. Ne2 Bd5 18. exf6 gxf6 19. Ne1 Bd6 20. Bb2 Kf7 21. Nc3 Ne7 22. g3
Rg8 23. Nxd5 cxd5 24. Ng2 c6 25. c4 Ke6 26. Ne3 f5 27. cxd5+ cxd5 28. Kf1 f4
29. gxf4 Bxf4 30. Re1 Kd7 31. Bf6 {Vocaturo,D (2570)-Bluvshtein,M (2590)/Wijk
aan Zee 2011/CBM 141/1-0 (73)}) 17. Nxh4 Bxh4 18. Be3 Bf5 19. Rd2 Be7 20. Ne2
a6 21. Nd4 Bc8 22. Nf3 Bf5 23. Bg5 $1 Bxg5 (23... c5) (23... a5) 24. Nxg5 Ke7
25. f4 a5 26. Nf3 c5 27. Nh4 (27. Kf2 a4 $5) 27... Bd7 28. f5 $14 Rh6 29. Rd3
Rb6 $6 (29... c4 $5) 30. Rg3 Rb4 (30... Kf8 {Plus souple})
31. c4 Kf8 32. Rg5 a4 (32... b5 33. Rxh5 bxc4 34. e6) 33. Rxh5 Kg8
34. Rg5 Rxb3 $4 (34... Kf8) 35. e6 $1 {Le coup intermédaire oublié par les
Noirs} (35. axb3 $4 a3 ) 35... Rb1+ 36. Kh2 Be8 37. f6 $18 g6 38.
e7 c6 39. Nf5 Rd1 40. Ng7 Bd7 41. Re5 Rd6 42. e8=Q+ Bxe8 43. Nxe8 Rd8 44. Nc7
Rc8 45. Re7 Kf8 46. h4 Rb8 47. a3 b5 48. Na6 1-0